 Dungeon Crawl Stone Soup version 0.27-a0-828-g8289197e94 (webtiles) character file.

Game seed: 7336101434592895356

259 polve the Changer (level 5, -9/33 (36) HPs)
             Began as a Draconian Transmuter on Mar 30, 2021.
             Mangled by an ogre
             ... wielding a +0 giant club
              (24 damage)
             ... on level 4 of the Dungeon.
             The game lasted 00:05:34 (5677 turns).

polve the Changer (Draconian Transmuter)            Turns: 5677, Time: 00:05:35

HP:   -9/33 (36)    AC: 12    Str: 13    XL:     5   Next: 94%
MP:   7/8           EV: 12    Int: 14    God:
Gold: 98            SH:  0    Dex: 11    Spells: 1/8 levels left

rFire    . . .     SeeInvis .   f - +0 dagger (protect)
rCold    . . .     Faith    .   (no shield)
rNeg     . . .     Spirit   .   (armour unavailable)
rPois    .         Reflect  .   (helmet currently unavailable)
rElec    .         Harm     .   (no cloak)
rCorr    .         Rampage  .   (no gloves)
Will     .....                  (boots currently unavailable)
Stlth    +.........             (no amulet)
HPRegen  0.11/turn              (no ring)
MPRegen  0.11/turn              (no ring)

@: appendages, protection aura, drained
A: horns 2, talons 2, AC +5, unfitting armour, cold-blooded, frail 1, sense
surroundings 1
a: End Transformation


You were on level 4 of the Dungeon.
You had temporarily grown beastly horns and talons.
You visited 1 branch of the dungeon, and saw 4 of its levels.

You collected 98 gold pieces.

Inventory:

Hand Weapons
 f - a +0 dagger of protection (weapon)
Jewellery
 k - a +4 ring of evasion
Wands
 j - a wand of mindburst (16)
Scrolls
 a - a scroll of teleportation {unknown}
 b - a scroll of brand weapon {unknown}
 c - a scroll of enchant armour {unknown}
 d - 4 scrolls of identify {unknown}
 h - 4 scrolls of fog {unknown}
 l - a scroll of vulnerability {unknown}
Potions
 g - 2 potions of curing


   Skills:
 - Level 1.1 Fighting
 - Level 1.7 Dodging
 - Level 3.0 Unarmed Combat
 - Level 2.0 Spellcasting
 + Level 6.3 Transmutations


You had one spell level left.
You knew the following spells:

 Your Spells              Type           Power      Damage    Failure   Level
a - Beastly Appendage     Tmut           38%        N/A       1%          1
b - Wereblood             Tmut           19%        N/A       2%          2
c - Spider Form           Tmut/Pois      5%         N/A       21%         3
d - Corona                Hex            1%         N/A       24%         1

Your spell library contained the following spells:

 Spells                   Type           Power      Damage    Failure   Level
 Ensorcelled Hibernation  Hex/Ice        2%         N/A       34%         2
 Hydra Form               Tmut           9%         N/A       45%         5
 Ice Form                 Ice/Tmut       10%        N/A       54%         4
 Petrify                  Tmut/Erth      10%        N/A       54%         4
 Confusing Touch          Hex            1%         N/A       56%         3
 Dazzling Flash           Conj/Hex       2%         N/A       56%         3
 Gell's Gravitas          Tloc           0%         N/A       56%         3
 Tukima's Dance           Hex            1%         N/A       56%         3
 Yara's Violent Unravell  Hex/Tmut       5%         3d4       88%         5
 Metabolic Englaciation   Hex/Ice        0%         N/A       100%        5


Dungeon Overview and Level Annotations

Branches:
Dungeon (4/15)
 Temple: D:4-7

Altars:
Fedhas
Nemelex Xobeh
Okawaru
Ru


Innate Abilities, Weirdness & Mutations

You have temporarily grown beastly horns and talons.
Your plain brown scales are hard. (AC +5)
You cannot fit into any form of body armour.
You are cold-blooded and may be slowed by cold attacks.
You are frail. (-10% HP)
You passively map a small area around you.


Message History

You feel a strange attunement to the structure of the dungeons.
You feel frail.
You feel robust.
It was a potion of curing.
You feel better.
It was a potion of heal wounds.
You feel much better.
A gnoll comes into view. It is wielding a +0 halberd.
The kobold shouts!
You barely miss the kobold.
The kobold hits you with a +0 short sword.
Casting: Beastly Appendage (safe; 1% risk of failure)
Confirm with . or Enter, or press ? or * to list all spells.
You grow a pair of large bovine horns.
Your feet morph into talons.
The kobold hits you with a +0 short sword.
You hit the ogre but do no damage.
Your weapon exudes an aura of protection.
The kobold misses you. The ogre closely misses you.
You hit the ogre. Your kick misses the ogre.
The ogre is lightly wounded.
The kobold misses you.
You hit the ogre. You tail-slap the ogre.
The ogre is moderately wounded.
The ogre misses you. The kobold barely misses you.
You hit the ogre.
The ogre is moderately wounded.
The gnoll barely misses you. The ogre barely misses you.
The kobold hits you with a +0 short sword.
You hit the ogre. You claw the ogre. Your headbutt misses the ogre.
The ogre is severely wounded.
The gnoll closely misses you.
The kobold hits you with a +0 short sword.
The ogre closely misses you.
You completely miss the ogre. You claw the ogre, but do no damage.
Your headbutt misses the ogre.
The ogre is severely wounded.
The gnoll hits you from afar with a +0 halberd.
The kobold hits you with a +0 short sword.
You barely miss the ogre. You claw the ogre.
The ogre is severely wounded.
The ogre hits you with a +0 giant club!!
Ouch! That really hurt!
You die...

###.#....†..........#
#....
#.#..####.........#
#....
###.#+###...........#
#....
.......##.##........#
######...O
............#.#######
#..........
.......#..#.#.#
#......##.O
.......#.##.#.####
#......###.
.......#....#..K.#
#......#...
.......#########@#
#......#O## .......#
#O######......#.#
.......#
#.g..O..g.....#.#
.......#
#######.......#.#
.......# #.........#
######## #.......###
####.####'## #....#
#.# #.#### #.#


You could see an ogre, a gnoll and a kobold.

Vanquished Creatures
  A howler monkey (D:4)
  A hound (D:4)
  5 gnolls
  5 adders
  2 worms
  An orc (D:3)
  6 ball pythons
  6 bats
  11 endoplasms
  5 giant cockroaches
  7 hobgoblins
  8 jackals
  3 quokkas
  4 frilled lizards
  5 goblins
  10 kobolds
  5 rats
85 creatures vanquished.

Vanquished Creatures (others)
  2 plants (D:3)
2 creatures vanquished.

Grand Total: 87 creatures vanquished

Notes
Turn   | Place    | Note
-------+----------+-------------------------------------------
     0 | D:1      | polve the Draconian Transmuter began the quest for the Orb.
     0 | D:1      | Reached XP level 1. HP: 16/16 MP: 3/3
   243 | D:1      | You fall into a shaft and drop 1 floor!
   364 | D:1      | Reached XP level 2. HP: 8/23 MP: 3/5
   644 | D:1      | Reached skill level 3 in Transmutations
  1453 | D:1      | Reached XP level 3. HP: 28/28 MP: 4/6
  1816 | D:1      | Reached skill level 4 in Transmutations
  2400 | D:2      | Reached XP level 4. HP: 35/35 MP: 5/7
  2420 | D:2      | Found a blossoming altar of Fedhas.
  3056 | D:2      | Found a sparkling altar of Nemelex Xobeh.
  3319 | D:2      | Reached skill level 5 in Transmutations
  3322 | D:2      | Learned a level 2 spell: Wereblood
  3326 | D:2      | Learned a level 3 spell: Spider Form
  3979 | D:3      | Reached XP level 5. HP: 14/40 MP: 6/8
  4261 | D:3      | Learned a level 1 spell: Corona
  4459 | D:3      | Found an iron altar of Okawaru.
  4744 | D:3      | Found a sacrificial altar of Ru.
  5354 | D:4      | Reached skill level 6 in Transmutations
  5644 | D:4      | Noticed an ogre
  5645 | D:4      | Gained mutation: You are frail. (-10% HP) [potion of
                  | mutation]
  5645 | D:4      | Gained mutation: You passively map a small area around you.
                  | [potion of mutation]
  5645 | D:4      | Gained mutation: You are very frail. (-20% HP) [potion of
                  | mutation]
  5645 | D:4      | Lost mutation: You are very frail. (-20% HP) [potion of
                  | mutation]
  5677 | D:4      | Mangled by an ogre

Illustrated notes

Levels and vault maps discovered:
D:1:      heliophobic_arrival_glass_houses, layout_loops_corners
D:2:      layout_basic, marbit_many_paths, nicolae_overflow_hidden_temple,
          chequers_serial_rivers_room_b
D:3:      layout_rooms, okawaru_trees_1, lemuel_doored_altar, chequers_big_river
D:4:      layout_basic, lightli_temple_of_fire

Skill      XL: |  1  2  3  4  5 |
---------------+----------------+-----
Transmutations | 3 4 5 6 |  6.3
Fighting       | |  1.1
Dodging        | |  1.7
Unarmed Combat | |  3.0
Spellcasting   | |  2.0

Action                   |  1- 3 |  4- 6 || total
-------------------------+-------+-------++-------
Melee: Unarmed           |    61 |       ||    61
       Tailslap          |    13 |    11 ||    24
       Kick              |    22 |    44 ||    66
       Headbutt          |     7 |    26 ||    33
       Dagger            |    97 |   188 ||   285
       Punch             |     1 |     3 ||     4
 Cast: Beastly Appendage |    23 |    29 ||    52
  Use: Potion            |       |     4 ||     4
 Stab: Sleeping          |     1 |       ||     1
Armor: Skin              |    50 |    71 ||   121
Dodge: Dodged            |    88 |   103 ||   191

Table legend: (Time is in decaauts)
 A = Elapsed time spent in this place.
 B = Non-inter-level travel time spent in this place.
 C = Inter-level travel time spent in this place.
 D = Time resting spent in this place.
 E = Time spent auto-exploring this place.
 F = Levels seen in this place.
 G = Mean time per level.
                   A        B        C        D        E       F      G
               +--------+--------+--------+--------+--------+-----+--------+
         Total |   5693 |   5588 |    105 |      0 |   4792 |   4 | 1423.2 |
       Dungeon |   5693 |   5588 |    105 |      0 |   4792 |   4 | 1423.2 |
               +--------+--------+--------+--------+--------+-----+--------+

Top non-repeatable levels by time:
     D:2: 1971 daAuts
     D:1: 1909 daAuts
     D:3: 1425 daAuts
     D:4: 387 daAuts
